 Dungeon Crawl Stone Soup version 0.22.0-60-ga52c2fc (webtiles) character file.

204 jerryfan the Changer (level 5, -3/42 HPs)
             Began as a Draconian Transmuter on Sept 10, 2018.
             Slain by a centaur (6 damage)
             ... on level 4 of the Dungeon.
             The game lasted 00:11:13 (3088 turns).

jerryfan the Changer (Draconian Transmuter)         Turns: 3088, Time: 00:11:14

Health: -3/42      AC:  5    Str: 12    XL:     5   Next: 52%
Magic:  7/9        EV: 13    Int: 17    God:
Gold:   144        SH:  0    Dex: 12    Spells: 3/9 levels left

rFire    . . .     SeeInvis .     - Unarmed
rCold    . . .     Gourm    .   (no shield)
rNeg     . . .     Faith    .   (armour unavailable)
rPois    .         Spirit   .   (helmet restricted)
rElec    .         Reflect  .   (no cloak)
rCorr    .         Harm     .   (no gloves)
MR       .....                  (no boots)
Stlth    +.........             (no amulet)
HPRegen  0.14/turn              f - +3 ring of intelligence
MPRegen  0.11/turn              (no ring)

@: very slightly contaminated
A: unfitting armour, cold-blooded, AC +5
a: no special abilities


You were on level 4 of the Dungeon.
You were hungry.

You visited 1 branch of the dungeon, and saw 4 of its levels.

You collected 144 gold pieces.

Inventory:

Missiles
 a - 13 arrows
 o - 5 tomahawks (quivered)
Magical Staves
 k - an uncursed staff of poison
Jewellery
 f - a +3 ring of intelligence (left hand)
Wands
 n - a wand of flame (25)
Scrolls
 d - 7 scrolls of remove curse {unknown}
 e - 2 scrolls of enchant armour {unknown}
 h - a scroll of fear {unknown}
 l - 2 scrolls of identify {unknown}
 m - 3 scrolls of amnesia {unknown}
Potions
 b - a potion of brilliance {unknown}
 g - 3 potions of curing
 i - a potion of berserk rage {unknown}
 j - a potion of cancellation {unknown}
 p - a potion of invisibility {unknown}
Comestibles
 c - 13 rations


   Skills:
 + Level 2.4 Fighting
 + Level 2.6 Dodging
 + Level 3.6 Unarmed Combat
 + Level 2.7 Spellcasting
 * Level 3.8 Transmutations


You had 3 spell levels left.
You knew the following spells:

 Your Spells              Type           Power        Failure   Level  Hunger
a - Beastly Appendage     Tmut           ###...       3%          1    #......
b - Sticks to Snakes      Tmut           ###.....     5%          2    ##.....
c - Spider Form           Tmut/Pois      #.........   24%         3    ###....

Your spell library contained the following spells:

 Spells                   Type           Power        Failure   Level  Hunger
 Ice Form                 Ice/Tmut       #.......     63%         4    #####..
 Blade Hands              Tmut           ###.......   71%         5    ######.


Dungeon Overview and Level Annotations

Branches:
Dungeon (4/15)
 Temple: D:4-7

Altars:
Okawaru


Innate Abilities, Weirdness & Mutations

Your plain brown scales are hard. (AC +5)
You cannot fit into any form of body armour.
You are cold-blooded and may be slowed by cold attacks.


Message History

You hit the centaur. You tail-slap the centaur.
The centaur is heavily wounded.
The centaur hits you.
* * * LOW HITPOINT WARNING * * *
Your ball python barely misses the centaur.
It was a potion of curing.
You feel better. The centaur hits you!
* * * LOW HITPOINT WARNING * * *
Your ball python bites the centaur but does no damage.
The centaur hits you.
* * * LOW HITPOINT WARNING * * *
You hit the centaur but do no damage.
The centaur is heavily wounded.
Your ball python barely misses the centaur.
The centaur hits you.
* * * LOW HITPOINT WARNING * * *
Your ball python bites the centaur.
You hit the centaur.
The centaur is severely wounded.
The centaur hits you.
You die...

#.###.#. ##.......##
##...... #.........#
##...##.##
+.........+
..........
#.........#
#...#..## #.......#
# #.## #..S..# #.#
#..c# #.# #@# #.#
#.# #.# #.# #.#
##.## #.# ###...##
#.# #......# #.#
#.#...## #.#
...#...###########.#
###
#...............#


You could see a centaur and a friendly ball python.

Vanquished Creatures
  An orc priest (D:3)
  2 worker ants
  Robin (D:3)
  3 adders
  3 worms
  A leopard gecko (D:2)
  4 orcs
  A ball python (D:2)
  8 giant cockroaches
  5 hobgoblins
  9 jackals
  2 kobolds
  A quokka (D:2)
  5 bats
  3 frilled lizards
  11 goblins
  4 rats
64 creatures vanquished.

Vanquished Creatures (collateral kills)
  2 adders
  3 goblins (D:3)
  A kobold (D:2)
6 creatures vanquished.

Grand Total: 70 creatures vanquished

Notes
Turn   | Place    | Note
-------+----------+-------------------------------------------
     0 | D:1      | jerryfan the Draconian Transmuter began the quest for the
                  | Orb.
     0 | D:1      | Reached XP level 1. HP: 16/16 MP: 3/3
   335 | D:1      | Reached XP level 2. HP: 21/23 MP: 3/5
   472 | D:1      | Learned a level 2 spell: Sticks to Snakes
   831 | D:2      | Reached XP level 3. HP: 12/29 MP: 0/6
  1180 | D:2      | Learned a level 3 spell: Spider Form
  1221 | D:2      | Reached XP level 4. HP: 26/36 MP: 3/7
  1652 | D:3      | Noticed Robin
  1682 | D:3      | Killed Robin
  2012 | D:3      | Reached XP level 5. HP: 25/41 MP: 6/8
  2716 | D:3      | Found an iron altar of Okawaru.
  3075 | D:4      | Noticed a centaur
  3088 | D:4      | Slain by a centaur

Skill      XL: |  1  2  3  4 |
---------------+-------------+-----
Dodging        | 2 |  2.6
Transmutations | 3 |  3.8
Fighting       | 2 |  2.4
Unarmed Combat | |  3.6
Spellcasting   | |  2.7

Action                   |  1- 3 |  4- 6 || total
-------------------------+-------+-------++-------
Melee: Unarmed           |    76 |   193 ||   269
       Tailslap          |    11 |    16 ||    27
       Kick              |     3 |    11 ||    14
       Headbutt          |     5 |     3 ||     8
 Cast: Beastly Appendage |    14 |     8 ||    22
       Sticks to Snakes  |     7 |     6 ||    13
       Spider Form       |       |     2 ||     2
  Use: Potion            |       |     1 ||     1
 Stab: Sleeping          |     1 |       ||     1
       Distracted        |       |     1 ||     1
  Eat: Chunk             |     1 |     7 ||     8
Armor: Skin              |    17 |    53 ||    70
Dodge: Dodged            |    54 |   139 ||   193
